Map: Jagannatha LE

Players

Murmsy - Winner!

  • Race: Protoss Protoss

VOD

Have the link to the VOD?

Description

Time

  • Played on: Sept. 29, 2021, 3:45 a.m.
  • Length: 8:37
Show
View Real Time Build Order
Export as new Build Order

Murmsy Protoss - Winner!

Build Orders:  

Get SALT Encoding   

  12  0:03  Probe (Chrono Boost)  
  14  0:20  Probe (Chrono Boost)  
  14  0:31  Pylon, Probe (Chrono Boost)  
  15  0:54  Probe (Chrono Boost)  
  16  1:01  Gateway  
  17  1:11  Probe (Chrono Boost)  
  17  1:28  Probe (Chrono Boost)  
  18  1:40  Assimilator  
  18  1:45  Probe (Chrono Boost)  
  20  2:02  Probe (Chrono Boost)  
  20  2:07  Cybernetics Core  
  20  2:10  Zealot  
  20  2:19  Probe (Chrono Boost)  
  23  2:39  Pylon  
  23  3:04  Probe  
  26  3:21  Probe  
  26  3:24  Pylon  
  27  3:30  Assimilator  
  27  3:38  Probe  
  28  3:47  Unknown  
  30  3:54  Pylon  
  30  3:55  Probe  
  30  3:58  Warp Gate (Chrono Boost)  
  31  4:12  Probe  
  32  4:25  Pylon  
  32  4:28  Gateway x2  
  32  4:31  Unknown  
  32  4:32  Gateway  
  32  5:05  Stalker  
  34  5:20  Pylon  
  34  5:26  Pylon  
  34  5:38  Stalker  
  36  5:48  Stalker  
  36  5:49  Stalker x2  
  41  6:16  Stalker  
  43  6:21  Stalker  
  43  6:22  Stalker  
  43  6:23  Stalker  
  49  6:45  Stalker  
  49  6:48  Stalker  
  53  6:55  Stalker  
  53  6:57  Stalker  
  55  7:29  Stalker x3  
  57  7:30  Stalker  
  59  8:10  Stalker  
  59  8:11  Stalker x3  
Tags
 
Add a new tag
Caveats
  • Supply blocks, unpowered buildings, or Contaminate may cause inaccurate times.
  • Supply counts are checked every 10 seconds.